 Dungeon Crawl Stone Soup version 0.29-a0-106-g0a07039d5a (webtiles) character file.

Game seed: 10198360686697494393

90 kae the Ruffian (level 4, -1/36 HPs)
             Began as a Draconian Transmuter on Feb 16, 2022.
             Succumbed to a kobold's poison
             ... on level 2 of the Dungeon.
             The game lasted 00:00:54 (1894 turns).

kae the Ruffian (Draconian Transmuter)              Turns: 1894, Time: 00:00:55

Health: -1/36      AC:  2    Str: 12    XL:     4   Next: 32%
Magic:  4/7        EV: 19    Int: 16    God:
Gold:   52         SH:  0    Dex: 16    Spells: 3/7 levels left

rFire   . . .      SeeInvis .     - Unarmed
rCold   . . .      Faith    .   (shield currently unavailable)
rNeg    . . .      Spirit   .   (armour unavailable)
rPois   x          Reflect  .   (helmet currently unavailable)
rElec   .          Harm     .   (cloak currently unavailable)
rCorr   .          Rampage  .   (gloves currently unavailable)
Will    .....                   (boots currently unavailable)
Stlth   +.........              (no amulet)
HPRegen 0.12/turn               (no ring)
MPRegen 0.10/turn               (no ring)

@: lethally poisoned (-1 -> -14), spider-form
A: venomous fangs, AC +5, tiny, unfitting armour, (cold-blooded)
a: End Transformation


You were on level 2 of the Dungeon.
You were a venomous arachnid creature.
You visited 1 branch of the dungeon, and saw 2 of its levels.

You collected 52 gold pieces.

Inventory:

Jewellery
 f - a ring of protection from cold
Scrolls
 a - a scroll of teleportation
 b - a scroll of identify
 c - a scroll of immolation
Potions
 d - a potion of brilliance


   Skills:
 + Level 1.8 Fighting
 + Level 2.2 Dodging
 * Level 3.6 Unarmed Combat
 + Level 2.2 Spellcasting
 * Level 3.1 Transmutations
 * Level 0.9 Poison Magic


You had 3 spell levels left.
You knew the following spells:

 Your Spells              Type           Power      Damage    Failure   Level
a - Beastly Appendage     Tmut           22%        N/A       16%         1
b - Spider Form           Tmut/Pois      8%         N/A       47%         3

Your spell library contained the following spells:

 Spells                   Type           Power      Damage    Failure   Level
 Wereblood                Tmut           11%        N/A       22%         2
 Ice Form                 Ice/Tmut       6%         N/A       87%         4


Dungeon Overview and Level Annotations

Branches:
Dungeon (2/15)

Altars:


Innate Abilities, Weirdness & Mutations

You are a venomous arachnid creature.
You have poisonous fangs.
You are tiny and dextrous.
Your spellcasting is less reliable in this form.
Your armour is entirely melded.
You are incapable of wielding weapons or throwing items.
((Your plain brown scales are hard. (AC +5)))
You cannot fit into any form of body armour.
((You are cold-blooded and may be slowed by cold attacks.))


Message History

The rat completely misses you.
The kobold hits you with a +0 short sword.
The worm bites you!
* * * LOW HITPOINT WARNING * * *
You hit the kobold.
The kobold is poisoned.
The kobold is severely wounded.
The rat bites you.
* * * LOW HITPOINT WARNING * * *
The kobold barely misses you.
Okay, then.
The kobold hits you with a +0 short sword.
* * * LOW HITPOINT WARNING * * *
Your transformation is almost over.
You kill the kobold!
The rat twitches its whiskers.
The rat twitches its whiskers.
Your transformation has ended.
The quokka bites you but does no damage.
There is an open door here.
The quokka twitches its whiskers.
The rat twitches its whiskers.
The quokka twitches its whiskers.
You hit the rat.
You kill the rat!
Casting: Spider Form (quite dangerous; 26% risk of failure)
Confirm with . or Enter, or press ? or * to list all spells.
The spell is quite dangerous to miscast (26% risk of failure)!
Continue anyway? [Y]es or [N]o only, please.
The spell is quite dangerous to miscast (26% risk of failure)!
Continue anyway?
You turn into a venomous arachnid creature.
The quokka misses you.
You bite the quokka!
You kill the quokka!
The kobold throws a poisoned dart.
The poisoned dart hits you!
You are lethally poisoned!
* * * LOW HITPOINT WARNING * * *
You feel very sick.
The kobold throws a poisoned dart.
The poisoned dart barely misses you.
Okay, then.
You die...

...........#.#.#.....#.......P♣♣
#.#..................).......P.♣
.............#.#######..##.#..♣.
#................ #....## ♣♣
.......#......##.#####.†#.#
........................#.#######
.............##########.#........
##....####...###### #.#†.......
##.......÷......s.# #.#........
#.......#.#######K# #.#.#######
................#.# #.........+
#..#...##.##....#†# ###.#######
...#...##.#.....#.# #.#
.......##.#....##.# #.#
.......##......##w# #.#
........###....##'#######'####
..####..###...........#......#


You could see a worm and a kobold.

Vanquished Creatures
  Jessica (D:2)
  2 adders (D:2)
  2 dart slugs
  2 bats (D:1)
  5 endoplasms (D:1)
  2 giant cockroaches (D:1)
  3 goblins (D:1)
  6 hobgoblins
  4 quokkas
  3 ball pythons
  3 frilled lizards
  2 kobolds
  5 rats
40 creatures vanquished.

Notes
Turn   | Place    | Note
-------+----------+-------------------------------------------
     0 | D:1      | kae the Draconian Transmuter began the quest for the Orb.
     0 | D:1      | Reached XP level 1. HP: 16/16 MP: 3/3
   167 | D:1      | Reached XP level 2. HP: 23/23 MP: 3/5
  1098 | D:1      | Reached XP level 3. HP: 28/28 MP: 4/6
  1420 | D:2      | Noticed Jessica
  1427 | D:1      | Learned a level 3 spell: Spider Form
  1448 | D:2      | Killed Jessica
  1591 | D:2      | Reached XP level 4. HP: 26/36 MP: 5/7
  1894 | D:2      | Succumbed to a kobold's poison

Illustrated notes

Levels and vault maps discovered:
D:1:      wander_arrival_desolate, layout_loops_ring
D:2:      layout_basic, basic_altar, uniq_crazy_yiuf_cottage, uniq_jessica

Skill      XL: |  1  2  3 |
---------------+----------+-----
Dodging        | 2 |  2.2
Transmutations | 3 |  3.1
Fighting       | |  1.8
Unarmed Combat | |  3.6
Spellcasting   | |  2.2
Poison Magic   | |  0.9

Action                   |  1- 3 |  4- 6 || total
-------------------------+-------+-------++-------
Melee: Unarmed           |    84 |    26 ||   110
       Headbutt          |     7 |     3 ||    10
       Tailslap          |    12 |     1 ||    13
       Kick              |     9 |     3 ||    12
       Punch             |     1 |     1 ||     2
 Cast: Beastly Appendage |    18 |     6 ||    24
       Spider Form       |     1 |     2 ||     3
  Use: Scroll            |     4 |       ||     4
 Stab: Sleeping          |     1 |       ||     1
Armor: Skin              |    24 |     7 ||    31
Dodge: Dodged            |    46 |    19 ||    65

Table legend: (Time is in decaauts)
 A = Elapsed time spent in this place.
 B = Non-inter-level travel time spent in this place.
 C = Inter-level travel time spent in this place.
 D = Time resting spent in this place.
 E = Time spent auto-exploring this place.
 F = Levels seen in this place.
 G = Mean time per level.
                   A        B        C        D        E       F      G
               +--------+--------+--------+--------+--------+-----+--------+
         Total |   1889 |   1867 |     22 |    153 |   1401 |   2 |  944.5 |
       Dungeon |   1889 |   1867 |     22 |    153 |   1401 |   2 |  944.5 |
               +--------+--------+--------+--------+--------+-----+--------+

Top non-repeatable levels by time:
     D:1: 1434 daAuts
     D:2: 455 daAuts
